 Dungeon Sprint DCSS version 0.30-a0-824-g6c64550be9 (webtiles) character file.

Game seed: 10208253605904556433

3190 BigDaddyOpFi the Brawler (level 9, -9/101 HPs)
             Began as a Troll Fighter on Feb 27, 2023.
             Was a High Priest of Wu Jian.
             Killed from afar by a steam dragon (12 damage)
             ... with a ball of steam
             ... while paralysed by a hornet
             ... in the Dungeon (Sprint VII: "The Pits").
             The game lasted 00:02:15 (962 turns).

BigDaddyOpFi the Brawler (Troll Fighter)             Turns: 962, Time: 00:02:16

Health: -9/101     AC:  4    Str: 28    XL:     9   Next: 64%
Magic:  8/8        EV:  1    Int:  6    God:    Wu Jian [*****.]
Gold:   0          SH:  0    Dex:  9    Spells: 8/8 levels left

rFire   . . .      SeeInvis .      - Unarmed
rCold   . . .      Faith    .    b - +0 kite shield
rNeg    . . .      Spirit   .    a - +0 robe
rPois   .          Reflect  .    (helmet restricted)
rElec   .          Harm     .    (no cloak)
rCorr   .          Rampage  .    (gloves unavailable)
Will    .....      NoTele   +    (boots unavailable)
Stlth   +                        (no amulet)
HPRegen 1.16/turn                e - +3 ring of evasion
MPRegen 0.11/turn                k - +3 ring of evasion

@: paralysed, lethally poisoned (-9 -> -10), slowed
A: large, unfitting armour, claws 3, regeneration 1, shaggy fur 1, tough skin 1
a: Renounce Religion, Wall Jump, Serpent's Lash, Heavenly Storm


You were in the Dungeon.
You worshipped Wu Jian.
Wu Jian was extremely pleased with you.
You visited 1 branch

Inventory:

Armour
 a - a +0 robe (worn)
 b - a +0 kite shield (worn)
Jewellery
 e - a +3 ring of evasion (left claw)
 k - a +3 ring of evasion (right claw)
Scrolls
 i - a scroll of blinking
Potions
 c - 3 potions of might
 d - 6 potions of curing
 f - 2 potions of haste
 g - 4 potions of magic
 h - 3 potions of berserk rage
 j - 2 potions of invisibility
 l - 2 potions of heal wounds
 m - a potion of brilliance
 n - a potion of resistance


   Skills:
 + Level 9.9 Fighting
 - Level 2.8 Dodging
 + Level 10.8 Shields
 * Level 15.8 Unarmed Combat


You had 8 spell levels left.
You didn't know any spells.
Your spell library was empty.

Dungeon Overview and Level Annotations

Branches:
Dungeon (1/1)

Altars:
Ashenzari
Cheibriados
Dithmenos
Elyvilon
Fedhas
Gozag
Hepliaklqana
Kikubaaqudgha
Makhleb
Nemelex Xobeh
Okawaru
Qazlal
Ru
Sif Muna
Trog
Uskayaw
Vehumet
Wu Jian
Xom
Yredelemnul
Zin
The Shining One
Jiyva
Lugonu


Innate Abilities, Weirdness & Mutations

You are too large for most types of armour.
You have claws for hands.
Your natural rate of healing is unusually fast.
You are covered in fur. (AC +1)
You have tough skin. (AC +1)


Message History

You block the steam dragon's attack. You block the hornet's attack.
The steam dragon barely misses you. The steam dragon misses you.
You mangle the hornet!!
The hornet is heavily wounded.
You feel yourself speed up.
You feel sick. The hornet stings you.
* * * LOW HITPOINT WARNING * * *
You are more poisoned.
You feel yourself slow down. You block the hornet's attack.
The steam dragon bites you.
* * * LOW HITPOINT WARNING * * *
The steam dragon claws you.
* * * LOW HITPOINT WARNING * * *
You feel better.
You feel yourself speed up.
The heavenly storm settles.
The hornet closely misses you. You block the hornet's attack.
The steam dragon barely misses you. The steam dragon closely misses you.
The hornet barely misses you. You block the steam dragon's attack.
The steam dragon closely misses you.
You feel better. The hornet stings you.
* * * LOW HITPOINT WARNING * * *
You suddenly lose the ability to move!
The steam dragon bites you.
* * * LOW HITPOINT WARNING * * *
The steam dragon claws you but does no damage.
The hornet stings you.
* * * LOW HITPOINT WARNING * * *
You feel yourself slow down. The steam dragon bites you.
* * * LOW HITPOINT WARNING * * *
The steam dragon claws you but does no damage.
The hornet stings you.
* * * LOW HITPOINT WARNING * * *
You are poisoned.
You shrug off the repeated paralysis!
You feel sick. The hornet stings you.
* * * LOW HITPOINT WARNING * * *
You feel as though you will be slow longer.
The steam dragon breathes steam at you. The ball of steam hits you!
You die...

##'#####''######
......##''#####
......##§§§☼§.#
......##§§§§☼§#
..<...###☼☼§☼## ###
......# ##☼§## ##..+
......# #☼§§☼###°°☼.#
......##☼☼☼☼☼☼#○y☼☼#
########.☼☼§☼§○°@°°+
########.§☼☼☼☼#☼○D○#
.#..[[###.☼☼☼###°○☼.#
.#..[[# ##++## ##..+
.'..))# ### .#..))#
.#..))# #######


You could see a hornet and a steam dragon (catching breath).

Vanquished Creatures
  A great orb of eyes (D)
  A two-headed ogre (D)
  A manticore (D)
  A cane toad (D)
  A flying skull (D)
  4 yaks (D)
  A steam dragon (D)
  A warg (D)
  A floating eye (D)
  An ogre (D)
  A phantom (D)
  A quasit (D)
  An iron imp (D)
  2 river rats (D)
  An ufetubus (D)
  An adder zombie (D)
  An adder skeleton (D)
  2 orcs (D)
  A bat skeleton (D)
  An endoplasm (D)
  A giant cockroach (D)
  A hobgoblin (D)
  2 jackals (D)
  A quokka skeleton (D)
  2 rats (D)
32 creatures vanquished.

Notes
Turn   | Place    | Note
-------+----------+-------------------------------------------
     0 | D        | BigDaddyOpFi the Troll Fighter began the quest for the Orb.
     0 | D        | Reached XP level 1. HP: 22/22 MP: 0/0
    16 | D        | Found a bloodstained altar of Trog.
    16 | D        | Found a shimmering blue altar of Sif Muna.
    16 | D        | Found a viscous altar of Jiyva.
    16 | D        | Found a hazy altar of Hepliaklqana.
    16 | D        | Found an opulent altar of Gozag.
    17 | D        | Found a glowing golden altar of the Shining One.
    17 | D        | Found a glowing silver altar of Zin.
    17 | D        | Found a basalt altar of Yredelemnul.
    17 | D        | Found a shimmering altar of Xom.
    17 | D        | Found an ornate altar of the Wu Jian Council.
    17 | D        | Found a sacrificial altar of Ru.
    17 | D        | Found a stormy altar of Qazlal.
    17 | D        | Found an iron altar of Okawaru.
    17 | D        | Found a sparkling altar of Nemelex Xobeh.
    17 | D        | Found a burning altar of Makhleb.
    17 | D        | Found a blossoming altar of Fedhas.
    17 | D        | Found a white marble altar of Elyvilon.
    17 | D        | Found a shadowy altar of Dithmenos.
    17 | D        | Found a snail-covered altar of Cheibriados.
    18 | D        | Found a radiant altar of Vehumet.
    18 | D        | Found a corrupted altar of Lugonu.
    19 | D        | Found an ancient bone altar of Kikubaaqudgha.
    19 | D        | Found a hide-covered altar of Uskayaw.
    19 | D        | Found a broken altar of Ashenzari.
    25 | D        | Became a worshipper of the Wu Jian Council
    51 | D        | Noticed a floating eye
    54 | D        | Paralysed by a floating eye for 4 turns
    60 | D        | Killed a floating eye
    61 | D        | Reached skill level 6 in Unarmed Combat
    61 | D        | Reached XP level 2. HP: 33/33 MP: 1/1
    61 | D        | Reached XP level 3. HP: 40/40 MP: 2/2
    61 | D        | Reached XP level 4. HP: 49/49 MP: 3/3
    76 | D        | Reached * piety under Wu Jian
   141 | D        | Reached ** piety under Wu Jian
   145 | D        | Reached skill level 5 in Shields
   150 | D        | Reached skill level 7 in Unarmed Combat
   150 | D        | Reached XP level 5. HP: 55/55 MP: 4/4
   189 | D        | Noticed a phantom
   195 | D        | Killed a phantom
   196 | D        | Reached skill level 5 in Fighting
   196 | D        | Reached skill level 8 in Unarmed Combat
   197 | D        | Reached *** piety under Wu Jian
   214 | D        | Reached **** piety under Wu Jian
   225 | D        | Noticed a great orb of eyes
   232 | D        | Paralysed by a great orb of eyes for 4 turns
   240 | D        | Killed a great orb of eyes
   241 | D        | Reached skill level 12 in Unarmed Combat
   241 | D        | Reached XP level 6. HP: 35/71 MP: 5/5
   241 | D        | Reached XP level 7. HP: 39/78 MP: 6/6
   584 | D        | Reached ***** piety under Wu Jian
   592 | D        | Noticed a flying skull
   592 | D        | Noticed a cane toad
   592 | D        | Noticed a two-headed ogre
   593 | D        | Killed a flying skull
   594 | D        | Reached XP level 8. HP: 88/88 MP: 7/7
   616 | D        | Killed a cane toad
   617 | D        | Reached skill level 13 in Unarmed Combat
   617 | D        | Killed a two-headed ogre
   618 | D        | Reached skill level 14 in Unarmed Combat
   618 | D        | Reached XP level 9. HP: 28/98 MP: 8/8
   928 | D        | Noticed a manticore
   935 | D        | Reached skill level 10 in Shields
   941 | D        | Reached skill level 15 in Unarmed Combat
   943 | D        | Killed a manticore
   960 | D        | Paralysed by a hornet for 3 turns
   962 | D        | HP: 3/101 [hornet (3)]
   962 | D        | Killed from afar by a steam dragon

Illustrated notes

Levels and vault maps discovered:
D:        pitsprint [storerooms_1, entrance_room_1, metal_vault_2, armoury_1,
          mini_pit_1, grid_room_1, main_hall_1, silver_pit, the_coven_3,
          the_vestibule_1, steel_vault_2, golden_pit, hallway_of_sentries,
          crystal_vault_4, iron_vault_1, final_vault]

Skill      XL: |  1  2  3  4  5  6  7  8  9 |
---------------+----------------------------+-----
Shields        | 4 5 8 9 10 | 10.8
Fighting       | 4 7 8 9 |  9.9
Unarmed Combat | 6 7 12 14 15 | 15.8
Dodging        | |  2.8

Action                     |  1- 3 |  4- 6 |  7- 9 || total
---------------------------+-------+-------+-------++-------
  Melee: Unarmed           |     7 |    44 |    55 ||   106
 Invoke: Serpent's Lash    |       |     1 |     1 ||     2
         Heavenly Storm    |       |       |     1 ||     1
Ability: Lunge             |       |     3 |     2 ||     5
         Whirlwind         |       |     2 |     4 ||     6
    Use: Potion            |       |     4 |     4 ||     8
 Armour: Robe              |     1 |     6 |     8 ||    15
  Dodge: Dodged            |     1 |    12 |    44 ||    57
  Block: Kite shield       |       |    14 |    25 ||    39

Table legend: (Time is in decaauts)
 A = Elapsed time spent in this place.
 B = Non-inter-level travel time spent in this place.
 C = Inter-level travel time spent in this place.
 D = Time resting spent in this place.
 E = Time spent auto-exploring this place.
 F = Levels seen in this place.
 G = Mean time per level.
                   A        B        C        D        E       F      G
               +--------+--------+--------+--------+--------+-----+--------+
         Total |    957 |    893 |     64 |    611 |      0 |   1 |  957.0 |
       Dungeon |    957 |    893 |     64 |    611 |      0 |   1 |  957.0 |
               +--------+--------+--------+--------+--------+-----+--------+

Top non-repeatable levels by time:
       D: 957 daAuts
